 Dungeon Crawl Stone Soup version 0.17.0-57-g0e89251 (webtiles) character file.

156 JokEr the Chopper (level 5, -4/45 HPs)
             Began as a Minotaur Berserker on Dec 7, 2015.
             Was a Priest of Trog.
             Slain by an orc priest (5 damage)
             ... on level 3 of the Dungeon.
             The game lasted 00:07:36 (3090 turns).

JokEr the Chopper (Minotaur Berserker)              Turns: 3090, Time: 00:07:37

Health: -4/45      AC:  2    Str: 23    XL:     5   Next: 15%
Magic:  4/4        EV: 12    Int:  4    God:    Trog [***...]
Gold:   129        SH:  0    Dex:  9    Spells: 0 memorised, 4 levels left

rFire  . . .     SeeInvis .     a - +0 hand axe
rCold  . . .     Clarity  .     b - +0 animal skin
rNeg   + . .     SustAt   .     (no shield)
rPois  .         Gourm    .     (helmet restricted)
rElec  .         Spirit   .     (no cloak)
rCorr  .         Warding  .     (no gloves)
rMut   .         Stasis   .     (no boots)
MR     .....                    (no amulet)
Stlth  +.........               (no ring)
                                p - ring of positive energy

@: not resistant to hostile enchantments, very unstealthy
A: retaliatory headbutt, horns 2
a: Berserk, Trog's Hand, Burn Spellbooks, Renounce Religion


You were on level 3 of the Dungeon.
You worshipped Trog.
Trog was most pleased with you.
You were very full.

You visited 1 branch of the dungeon, and saw 3 of its levels.

You collected 129 gold pieces.

Inventory:

Hand Weapons
 a - a +0 hand axe (weapon)
Armour
 b - a +0 animal skin (worn)
Jewellery
 p - a ring of positive energy (left hand)
Scrolls
 c - 2 scrolls of remove curse
 h - a scroll of magic mapping
 j - a scroll of enchant weapon
 k - 2 scrolls of identify
 r - a scroll of teleportation {unknown}
Potions
 e - 2 potions of brilliance {unknown}
 g - 2 potions of flight {unknown}
 i - a potion of might {unknown}
 l - a potion of haste {unknown}
 m - a potion of poison {unknown}
 o - a potion of curing {unknown}
Comestibles
 d - a meat ration
 n - a bread ration


   Skills:
 - Level 3.6 Fighting
 + Level 7.1 Axes
 - Level 2.4 Armour
 - Level 2.1 Dodging


You had 4 spell levels left.
You didn't know any spells.

Dungeon Overview and Level Annotations

Branches:
Dungeon (3/15)

Altars:
Qazlal


Innate Abilities, Weirdness & Mutations

You reflexively headbutt those who attack you in melee.
You have a pair of horns on your head.


Message History

As you read the scroll of fear, it crumbles to dust.
You assume a fearsome visage.
The orc priest looks frightened!
Things that are here:
a dagger; a robe; an orc corpse You start resting.
An orc priest is nearby!
You barely miss the orc priest. The orc priest hits you.
* * * LOW HITPOINT WARNING * * *
You closely miss the orc priest. You headbutt the orc priest.
The orc priest is lightly wounded.
The orc priest hits you.
* * * LOW HITPOINT WARNING * * *
You hit the orc priest. You headbutt the orc priest!
The orc priest is almost dead.
The orc priest hits you but does no damage.
You closely miss the orc priest.
You headbutt the orc priest, but do no damage.
The orc priest is almost dead.
The orc priest hits you.
You die...

##### ##...## ##.....##
#.......# #.......#######
#.......#.....#
#.......#.....#
#......@#.....#
#......o#.....#
##......).....# ######
##...###.....# ........
#.### #.....#......... #.#
#...............
######.#####...............
...............#...........
#.........................


You could see an orc priest.

Vanquished Creatures
  An orc wizard (D:3)
  A worker ant (D:3)
  3 adders
  3 worms
  An adder zombie (D:3)
  A giant gecko (D:2)
  An orc (D:3)
  11 hobgoblins
  3 quokkas
  9 bats
  3 giant cockroaches
  A giant newt (D:2)
  10 goblins
  9 kobolds
  9 rats
66 creatures vanquished.

Notes
Turn   | Place    | Note
--------------------------------------------------------------
     0 | D:1      | JokEr the Minotaur Berserker began the quest for the Orb.
     0 | D:1      | Reached XP level 1. HP: 19/19 MP: 0/0
    77 | D:1      | Reached skill level 4 in Axes
   540 | D:1      | Reached XP level 2. HP: 26/26 MP: 1/1
  1272 | D:2      | Reached skill level 5 in Axes
  1316 | D:2      | Reached XP level 3. HP: 31/31 MP: 2/2
  1334 | D:2      | Reached ** piety under Trog
  1834 | D:2      | Found a stormy altar of Qazlal.
  2350 | D:2      | Reached XP level 4. HP: 39/39 MP: 3/3
  2618 | D:3      | Reached skill level 6 in Axes
  2621 | D:3      | Reached *** piety under Trog
  3058 | D:3      | Reached skill level 7 in Axes
  3058 | D:3      | Reached XP level 5. HP: 18/45 MP: 4/4
  3088 | D:3      | HP: 1/45 [orc priest (2)]
  3090 | D:3      | Slain by an orc priest

Action                   |  1- 3 |  4- 6 || total
-------------------------+-------+-------++-------
Melee: Hand axe          |   106 |    48 ||   154
  Use: Scroll            |     3 |     3 ||     6
 Stab: Sleeping          |     1 |       ||     1
  Eat: Bread ration      |     1 |       ||     1
       Meat ration       |       |     2 ||     2
